 Dungeon Crawl Stone Soup version 0.25.1-2-g60ff931df9 (webtiles) character file.

Game seed: 1182432052582150983

3727 gbos the Blocker (level 10, -3/80 HPs)
             Began as a Gnoll Fighter on Nov 19, 2020.
             Was a Believer of Cheibriados.
             Slain by a killer bee (4 damage)
             ... on level 10 of the Dungeon.
             The game lasted 00:01:58 (9463 turns).

gbos the Blocker (Gnoll Fighter)                    Turns: 9463, Time: 00:01:59

Health: -3/80      AC: 22    Str: 24    XL:     10   Next: 14%
Magic:  17/17      EV:  9    Int: 18    God:    Cheibriados [**....]
Gold:   324        SH: 12    Dex: 20    Spells: 18/18 levels left

rFire    . . .     SeeInvis .   j - +1 war axe
rCold    . . .     Gourm    .   c - +0 kite shield
rNeg     . . .     Faith    .   g - +0 plate armour
rPois    +         Spirit   .   p - +2 helmet
rElec    .         Reflect  .   k - +0 cloak
rCorr    .         Harm     .   (no gloves)
MR       .....                  (no boots)
Stlth    ..........             (no amulet)
HPRegen  0.23/turn              s - ring of poison resistance
MPRegen  0.15/turn              m - +4 ring of protection

@: lethally poisoned (-3 -> -3), very slow
A: distributed training, fangs 1, strong nose
a: Bend Time, Renounce Religion


You were on level 10 of the Dungeon.
You worshipped Cheibriados.
Cheibriados was pleased with you.
You were not hungry.

You visited 1 branch of the dungeon, and saw 10 of its levels.

You collected 456 gold pieces.
You spent 132 gold pieces at shops.


Innate Abilities, Weirdness & Mutations

Your experience applies equally to all skills.
You have very sharp teeth.
Your uncanny sense of smell can sniff out nearby items.


   Skills:
 + Level 8.3 Fighting
 + Level 4.9 Short Blades
 + Level 4.9 Long Blades
 + Level 6.8 Axes
 + Level 4.9 Maces & Flails
 + Level 4.9 Polearms
 + Level 4.9 Staves
 + Level 4.9 Slings
 + Level 4.9 Bows
 + Level 4.9 Crossbows
 + Level 4.9 Throwing
 + Level 8.3 Armour
 + Level 4.9 Dodging
 + Level 4.9 Stealth
 + Level 8.3 Shields
 + Level 4.9 Unarmed Combat
 + Level 4.9 Spellcasting
 + Level 4.0 Conjurations
 + Level 4.0 Hexes
 + Level 4.0 Charms
 + Level 4.0 Summonings
 + Level 4.0 Necromancy
 + Level 4.0 Translocations
 + Level 4.0 Transmutations
 + Level 4.0 Fire Magic
 + Level 4.0 Ice Magic
 + Level 4.0 Air Magic
 + Level 4.0 Earth Magic
 + Level 4.0 Poison Magic
 + Level 5.4 Invocations
 + Level 4.9 Evocations


You had 18 spell levels left.
You didn't know any spells.
Your spell library was empty.

Inventory:

Hand Weapons
 j - a +1 war axe (weapon)
 v - a +0 morningstar
Armour
 c - a +0 kite shield (worn)
 g - a +0 plate armour (worn)
 k - a +0 cloak (worn)
 p - a +2 helmet (worn)
Jewellery
 m - a +4 ring of protection (right hand)
 s - a ring of poison resistance (left hand)
 Y - an uncursed ring of resist corrosion
Wands
 o - a wand of flame (10)
Scrolls
 a - 5 scrolls of remove curse
 i - a scroll of identify
Potions
 d - 3 potions of might
 f - a potion of curing
 h - a potion of degeneration {unknown}
 n - a potion of resistance
 q - a potion of lignification {unknown}
 r - a potion of mutation
 t - a potion of cancellation
 u - a potion of ambrosia {unknown}
Comestibles
 e - 15 rations

Dungeon Overview and Level Annotations

Branches:
Dungeon (10/15)            Temple (0/1) D:6             Orc (0/2) D:9
   Lair: D:8-11

Altars:
Cheibriados
Fedhas
Makhleb
Ru
Sif Muna
Uskayaw
Vehumet
Wu Jian
Yredelemnul
The Shining One

Shops:
D:6 *   D:9 ([

Annotations:
D:6 1 runed translucent door, 15bullets's ghost, novice SpAs
D:9 2 transporters, gbos's ghost, novice TrMo


Message History

The killer bee stings you but does no damage. x2
The killer bee completely misses you. The killer bee misses you.
You block the killer bee's attack. The killer bee barely misses you.
The killer bee closely misses you.
The killer bee stings you but does no damage.
Something hits you but does no damage.
The killer bee stings you but does no damage.
You block the killer bee's attack.
You closely miss the killer bee.
The killer bee is severely wounded.
You slash the killer bee!
You kill the killer bee!
Cheibriados thoroughly appreciates the change of pace.
Cheibriados raises the support of your attributes as your movement slows.
Your plate armour prevents you from hitting the killer bee.
You miss something. You miss the killer bee. You block something's attack.
The killer bee stings you but does no damage. x2
The killer bee stings you.
You die...

...............#..#.....#
##.............#.)#.##..#
.'..........##.'..#.##..#
.#.............#..#.....#
.#<.....##.....#..#.....#
.#......##.....#..#.###.#
.#.............####.....#
###################.....#
........y@y'.....#
........yy.#.##..#
.......)...#.....#
.........).#.....#
........%..'.....#
....h......#).##.#
...........#..# .#
...........#.....#
.>.........#..(..


You could see a howler monkey and 4 killer bees.

Vanquished Creatures
  A two-headed ogre (D:8)
  Pikel (D:9)
  Prince Ribbit (D:7)
  Grinder (D:3)
  A hippogriff (D:9)
  An ice beast (D:6)
  An orc warrior (D:7)
  A phantom (D:8)
  2 sky beasts
  A black bear (D:9)
  A slave (D:9)
  3 ogres
  A centaur (D:6)
  2 bullfrogs
  2 scorpions
  2 killer bees (D:10)
  A howler monkey (D:4)
  4 crimson imps
  A quasit (D:6)
  A hound (D:7)
  A jelly (D:6)
  2 orc priests (D:6)
  An iguana (D:4)
  9 worker ants
  2 hound skeletons (D:9)
  Robin (D:3)
  A worker ant zombie (D:9)
  11 adders
  2 oozes
  An adder zombie (D:7)
  A worm (D:2)
  A dart slug (D:1)
  4 leopard geckos
  30 orcs
  11 bats
  10 giant cockroaches
  18 goblins
  8 hobgoblins
  6 jackals
  7 quokkas
  3 frilled lizards
  5 kobolds
  A leopard gecko skeleton (D:5)
  A quokka skeleton (D:5)
  A quokka zombie (D:9)
  4 rats
171 creatures vanquished.

Vanquished Creatures (others)
  A centaur (D:9)
  A crimson imp (D:9)
  An orc wizard (D:6)
  2 gnoll zombies (D:9)
  7 toadstools (D:1)
12 creatures vanquished.

Grand Total: 183 creatures vanquished

Notes
Turn   | Place    | Note
-------+----------+-------------------------------------------
     0 | D:1      | gbos the Gnoll Fighter began the quest for the Orb.
     0 | D:1      | Reached XP level 1. HP: 23/23 MP: 1/1
     0 | D:1      | 0 ||| counter = 298
   155 | D:1      | Reached XP level 2. HP: 29/29 MP: 2/2
   360 | D:1      | Reached XP level 3. HP: 28/35 MP: 3/3
   593 | D:1      | Reached skill level 1 in Invocations
   781 | D:1      | 781 ||| READING scroll labeled SUAPSEUCAGG.
   782 | D:1      | 782 ||| READING 2 scrolls labeled TEOZUT AFEYBBA.
   783 | D:1      | 783 ||| READING scroll labeled EPESEJ LIFUWK.
   784 | D:1      | 784 ||| READING scroll labeled LISSIONUMA.
   796 | D:2      | Found a hide-covered altar of Uskayaw.
   836 | D:2      | 836 ||| DROPPING +0 club.
   924 | D:2      | Reached skill level 1 in Short Blades
   924 | D:2      | Reached skill level 1 in Long Blades
   924 | D:2      | Reached skill level 1 in Maces & Flails
   924 | D:2      | Reached skill level 1 in Polearms
   924 | D:2      | Reached skill level 1 in Staves
   924 | D:2      | Reached skill level 1 in Slings
   924 | D:2      | Reached skill level 1 in Bows
   924 | D:2      | Reached skill level 1 in Crossbows
   924 | D:2      | Reached skill level 1 in Throwing
   924 | D:2      | Reached skill level 1 in Dodging
   924 | D:2      | Reached skill level 1 in Stealth
   924 | D:2      | Reached skill level 1 in Unarmed Combat
   924 | D:2      | Reached skill level 1 in Spellcasting
   924 | D:2      | Reached skill level 1 in Evocations
  1010 | D:2      | Reached XP level 4. HP: 41/41 MP: 5/5
  1445 | D:2      | 1445 ||| READING scroll labeled CIAWIVIOMO.
  1446 | D:2      | 1446 ||| READING scroll labeled ELALID PAOWO.
  1447 | D:2      | 1447 ||| DRINKING 2 inky potions.
  1528 | D:3      | Noticed Robin
  1532 | D:3      | Reached skill level 1 in Conjurations
  1532 | D:3      | Reached skill level 1 in Hexes
  1532 | D:3      | Reached skill level 1 in Charms
  1532 | D:3      | Reached skill level 1 in Summonings
  1532 | D:3      | Reached skill level 1 in Necromancy
  1532 | D:3      | Reached skill level 1 in Translocations
  1532 | D:3      | Reached skill level 1 in Transmutations
  1532 | D:3      | Reached skill level 1 in Fire Magic
  1532 | D:3      | Reached skill level 1 in Ice Magic
  1532 | D:3      | Reached skill level 1 in Air Magic
  1532 | D:3      | Reached skill level 1 in Earth Magic
  1532 | D:3      | Reached skill level 1 in Poison Magic
  1540 | D:3      | Killed Robin
  1603 | D:3      | Noticed Grinder
  1616 | D:3      | Reached XP level 5. HP: 36/47 MP: 6/6
  1624 | D:3      | Paralysed by Grinder for 6 turns
  1636 | D:3      | HP: 9/47 [Grinder (4)]
  1636 | D:3      | HP: 4/47 [Grinder (5)]
  1637 | D:3      | 1637 ||| READING scroll of teleportation.
  1638 | D:3      | 1638 ||| DRINKING potion of heal wounds.
  1641 | D:3      | Killed Grinder
  1641 | D:3      | Reached XP level 6. HP: 34/53 MP: 6/8
  2174 | D:3      | 2174 ||| DROPPING whip.
  2252 | D:3      | You fall into a shaft and drop 1 floor!
  2253 | D:4      | 2253 ||| Shafted from D:3 to D:4.
  2365 | D:4      | 2365 ||| EATING 9 rations.
  2374 | D:3      | 2374 ||| Successfully unshafted to D:3.
  2705 | D:3      | 2705 ||| UPGRADING to +0 helmet.
  2710 | D:3      | 2710 ||| READING scroll of enchant armour.
  2710 | D:3      | 2710 ||| ENCHANTING +0 helmet.
  2711 | D:3      | 2711 ||| UPGRADING to thick emerald amulet.
  2712 | D:3      | 2712 ||| UPGRADING to knobbly jade ring.
  2713 | D:3      | 2713 ||| READING scroll labeled VUUDIQ OSILI.
  2714 | D:3      | 2714 ||| READING scroll labeled YQEGASHREHUR.
  2715 | D:3      | 2715 ||| READING scroll labeled QUCRYA PAOWN.
  2716 | D:3      | 2716 ||| READING scroll labeled FOAPLI ASULIE.
  3105 | D:4      | Reached XP level 7. HP: 59/59 MP: 10/10
  3420 | D:4      | 3420 ||| UPGRADING to wooden ring.
  3421 | D:4      | 3421 ||| READING scroll labeled ROTYRI COLEEPS.
  3422 | D:4      | 3422 ||| DRINKING 2 pink potions.
  3423 | D:4      | 3423 ||| DRINKING 2 smoky green potions.
  3424 | D:4      | 3424 ||| DROPPING potion of flight.
  3468 | D:5      | Entered Level 5 of the Dungeon
  3895 | D:5      | Found a glowing golden altar of the Shining One.
  3895 | D:5      | Found a faded altar of an unknown god.
  3900 | D:5      | Found a blossoming altar of Fedhas.
  3903 | D:5      | Found a radiant altar of Vehumet.
  3905 | D:5      | Found a sacrificial altar of Ru.
  4124 | D:5      | 4124 ||| UPGRADING to runed helmet.
  4134 | D:5      | 4134 ||| DROPPING +1 helmet.
  4135 | D:5      | 4135 ||| UPGRADING to glowing onyx ring.
  4137 | D:5      | 4137 ||| UPGRADING to ring of poison resistance.
  4139 | D:5      | 4139 ||| UPGRADING to +4 ring of protection.
  4188 | D:6      | 4188 ||| STAIRDANCE
  4352 | D:6      | 4352 ||| STAIRDANCE
  4504 | D:6      | HP: 14/60 [something (3)]
  4505 | D:6      | 4505 ||| READING 2 scrolls of teleportation.
  4507 | D:6      | Found Tuceri's Assorted Antiques.
  4734 | D:6      | Bought a scroll of identify for 54 gold pieces
  4734 | D:6      | Bought a bubbling cyan potion for 24 gold pieces
  4803 | D:6      | Found a runed translucent door.
  4809 | D:6      | Noticed 15bullets's ghost (novice SpAs)
  4861 | D:6      | Reached skill level 3 in Invocations
  5178 | D:6      | You fall into a shaft and drop 3 floors!
  5182 | D:9      | 5182 ||| Shafted from D:6 to D:9.
  5198 | D:9      | Reached XP level 8. HP: 59/67 MP: 12/12
  5246 | D:9      | Noticed a wolf spider
  5250 | D:9      | Noticed a hippogriff
  5265 | D:9      | Killed a hippogriff
  5265 | D:9      | Reached skill level 3 in Short Blades
  5265 | D:9      | Reached skill level 3 in Long Blades
  5265 | D:9      | Reached skill level 3 in Maces & Flails
  5265 | D:9      | Reached skill level 3 in Polearms
  5265 | D:9      | Reached skill level 3 in Staves
  5265 | D:9      | Reached skill level 3 in Slings
  5265 | D:9      | Reached skill level 3 in Bows
  5265 | D:9      | Reached skill level 3 in Crossbows
  5265 | D:9      | Reached skill level 3 in Throwing
  5265 | D:9      | Reached skill level 3 in Dodging
  5265 | D:9      | Reached skill level 3 in Stealth
  5265 | D:9      | Reached skill level 3 in Unarmed Combat
  5265 | D:9      | Reached skill level 3 in Spellcasting
  5265 | D:9      | Reached skill level 3 in Evocations
  5457 | D:9      | Found a transporter.
  5457 | D:9      | Noticed gbos's ghost (novice TrMo)
  5459 | D:9      | Noticed a centaur warrior
  5463 | D:9      | Found Coirr's Weapon Shop.
  5472 | D:9      | Found a staircase to the Orcish Mines.
  5513 | D:9      | Found Anladduw's Armour Shop.
  5522 | D:9      | 5522 ||| READING 3 scrolls of identify.
  5522 | D:9      | 5522 ||| IDENTIFYING bubbling cyan potion
  5538 | D:9      | 5538 ||| SHOPLISTING +4 chain mail of magic resistance (378
                  | gold, have 229).
  5538 | D:9      | Bought a +0 chain mail for 54 gold pieces
  5538 | D:9      | 5538 ||| SHOPLISTING +3 chain mail "Qeppim" {Harm rC+
                  | Dex-2} (351 gold, have 175).
  5547 | D:9      | Found a transporter.
  5555 | D:9      | Noticed a troll
  5585 | D:9      | Noticed Pikel
  5595 | D:9      | Killed Pikel
  5595 | D:9      | Reached skill level 3 in Conjurations
  5595 | D:9      | Reached skill level 3 in Hexes
  5595 | D:9      | Reached skill level 3 in Charms
  5595 | D:9      | Reached skill level 3 in Summonings
  5595 | D:9      | Reached skill level 3 in Necromancy
  5595 | D:9      | Reached skill level 3 in Translocations
  5595 | D:9      | Reached skill level 3 in Transmutations
  5595 | D:9      | Reached skill level 3 in Fire Magic
  5595 | D:9      | Reached skill level 3 in Ice Magic
  5595 | D:9      | Reached skill level 3 in Air Magic
  5595 | D:9      | Reached skill level 3 in Earth Magic
  5595 | D:9      | Reached skill level 3 in Poison Magic
  5690 | D:9      | Reached skill level 6 in Axes
  5690 | D:9      | Reached XP level 9. HP: 67/72 MP: 14/14
  5791 | D:7      | Noticed Prince Ribbit
  5819 | D:7      | HP: 13/72 [Prince Ribbit (11)]
  5820 | D:7      | 5820 ||| READING scroll of teleportation.
  6109 | D:7      | Found a snail-covered altar of Cheibriados.
  6111 | D:7      | Found a burning altar of Makhleb.
  6112 | D:7      | Found a shimmering blue altar of Sif Muna.
  6117 | D:7      | Became a worshipper of Cheibriados the Contemplative
  6118 | D:7      | 6118 ||| REMOVING amulet of faith.
  6207 | D:7      | 6207 ||| EATING 14 rations.
  6426 | D:6      | 6426 ||| Successfully unshafted to D:6.
  6577 | D:6      | 6577 ||| STAIRDANCE
  6669 | D:5      | 6669 ||| UPGRADING to +0 chain mail.
  6679 | D:5      | 6679 ||| DROPPING +0 scale mail.
  6680 | D:5      | 6680 ||| DROPPING amulet of faith.
  6681 | D:5      | 6681 ||| READING 3 scrolls of identify.
  6681 | D:5      | 6681 ||| IDENTIFYING white potion
  6682 | D:5      | 6682 ||| READING 2 scrolls of identify.
  6682 | D:5      | 6682 ||| IDENTIFYING glowing ruby potion
  6683 | D:5      | 6683 ||| DROPPING potion of brilliance.
  6684 | D:5      | 6684 ||| DROPPING potion of magic.
  6703 | D:6      | 6703 ||| DROPPING +0 flail.
  6711 | D:6      | Found a staircase to the Ecumenical Temple.
  7180 | D:7      | Reached * piety under Cheibriados
  7488 | D:7      | Found an ornate altar of the Wu Jian Council.
  7532 | D:7      | Killed Prince Ribbit
  7717 | D:7      | 7717 ||| UPGRADING to +0 plate armour.
  7727 | D:7      | 7727 ||| DROPPING +0 chain mail.
  7795 | D:8      | 7795 ||| EATING 13 rations.
  7952 | D:8      | Noticed a two-headed ogre
  7969 | D:8      | Killed a two-headed ogre
  8400 | D:8      | Reached XP level 10. HP: 80/80 MP: 17/17
  8688 | D:8      | 8688 ||| DRINKING 2 coppery potions.
  8689 | D:8      | 8689 ||| DRINKING 2 fuming cyan potions.
  8690 | D:8      | 8690 ||| DROPPING potion of stabbing.
  8942 | D:9      | Found a basalt altar of Yredelemnul.
  9136 | D:9      | Reached ** piety under Cheibriados
  9200 | D:9      | 9200 ||| UPGRADING to cloak.
  9205 | D:9      | 9205 ||| DRINKING 2 lumpy pink potions.
  9235 | D:10     | Entered Level 10 of the Dungeon
  9236 | D:10     | 9236 ||| STAIRDANCE
  9318 | D:10     | 9318 ||| DROPPING +4 flail.
  9319 | D:10     | 9319 ||| UPGRADING to morningstar.
  9320 | D:10     | 9320 ||| SWAPPING to +1 war axe.
  9389 | D:10     | 9389 ||| Stepping randomly (disturbance).
  9445 | D:10     | HP: 18/80 [scorpion (4)]
  9450 | D:10     | HP: 17/80 [something (1)]
  9453 | D:10     | HP: 8/80 [something (4)]
  9455 | D:10     | HP: 2/80 [killer bee (6)]
  9462 | D:10     | HP: 1/80 [poisoned by a scorpion]
  9463 | D:10     | Slain by a killer bee

Levels and vault maps discovered:
D:1:      nagdon_arrival_double_spiral, layout_loops_ring
D:2:      layout_loops_ring, nicolae_overflow_hidden_temple,
          eat_drink_and_be_merry_uskayaw, first_ration
D:3:      layout_basic, kennysheep_pointless_box, uniq_grinder, uniq_robin
D:4:      layout_basic, kennysheep_windowed_goal
D:5:      layout_loops_ring, chequers_temple_overflow_minitemple,
          hangedman_abyss_or_decor_jellyfish_corner
D:6:      layout_basic, minmay_temple_entry_statues, serial_shops, shop,
          ebering_ghost_sewer_d, minmay_crystal_room
D:7:      layout_gridville, kennysheep_little_box, grunt_temple_overflow_open,
          kennysheep_generic_room_7, uniq_prince_ribbit1
D:8:      layout_gridville, serial_glass, glass_columns_a, glass_columns_c,
          glass_columns_c, glass_columns_a, glass_columns_a, glass_columns_c,
          glass_columns_a, glass_columns_a
D:9:      layout_basic, lemuel_zombie_altar_yredelemnul, orc_david_3,
          gammafunk_ghost_arena, chequers_serial_rivers_room_b, uniq_pikel
D:10:     layout_stronghold, dpeg_lair_monsters, uniq_nergalle

Skill      XL: |  1  2  3  4  5  6  7  8  9 10 |
---------------+-------------------------------+-----
Invocations    | 1 2 3 4 5 |  5.4
Short Blades   | 1 2 3 4 |  4.9
Long Blades    | 1 2 3 4 |  4.9
Maces & Flails | 1 2 3 4 |  4.9
Polearms       | 1 2 3 4 |  4.9
Staves         | 1 2 3 4 |  4.9
Slings         | 1 2 3 4 |  4.9
Bows           | 1 2 3 4 |  4.9
Crossbows      | 1 2 3 4 |  4.9
Throwing       | 1 2 3 4 |  4.9
Dodging        | 1 2 3 4 |  4.9
Stealth        | 1 2 3 4 |  4.9
Unarmed Combat | 1 2 3 4 |  4.9
Spellcasting   | 1 2 3 4 |  4.9
Evocations     | 1 2 3 4 |  4.9
Conjurations   | 1 2 3 4 |  4.0
Hexes          | 1 2 3 4 |  4.0
Charms         | 1 2 3 4 |  4.0
Summonings     | 1 2 3 4 |  4.0
Necromancy     | 1 2 3 4 |  4.0
Translocations | 1 2 3 4 |  4.0
Transmutations | 1 2 3 4 |  4.0
Fire Magic     | 1 2 3 4 |  4.0
Ice Magic      | 1 2 3 4 |  4.0
Air Magic      | 1 2 3 4 |  4.0
Earth Magic    | 1 2 3 4 |  4.0
Poison Magic   | 1 2 3 4 |  4.0
Axes           | 5 6 |  6.8
Fighting       | 7 8 |  8.3
Armour         | 7 8 |  8.3
Shields        | 7 8 |  8.3

Action                   |  1- 3 |  4- 6 |  7- 9 | 10-12 || total
-------------------------+-------+-------+-------+-------++-------
Melee: War axe           |   105 |   128 |   337 |    58 ||   628
       Bite              |    11 |    12 |    49 |    10 ||    82
Throw: Javelin           |       |       |     2 |     6 ||     8
  Use: Scroll            |     4 |     8 |     6 |       ||    18
       Potion            |       |     2 |     2 |     3 ||     7
 Stab: Distracted        |       |       |     1 |       ||     1
  Eat: Chunk             |     1 |     3 |    10 |       ||    14
       Ration            |       |     1 |     2 |       ||     3
Armor: Scale mail        |    41 |    38 |   117 |       ||   196
       Chain mail        |       |       |    28 |       ||    28
       Plate armour      |       |       |    20 |    78 ||    98
Dodge: Dodged            |    33 |    41 |   116 |    25 ||   215
Block: Kite shield       |    50 |    72 |   185 |    52 ||   359

Table legend:
 A = Non-vault XP
 B = Vault XP
 C = Vault XP percentage of total XP
 D = Non-vault monster count
 E = Vault monster count
 F = Vault count percentage of total count
                 A         B        C        D         E       F
            +---------+---------+-------+---------+---------+-------
      Total |    4061 |    1264 |  23.7 |     153 |      18 |  10.5
            +---------+---------+-------+---------+---------+-------
        D:1 |      64 |       0 |   0.0 |      35 |       0 |   0.0
        D:2 |      63 |       0 |   0.0 |      12 |       0 |   0.0
        D:3 |      85 |     304 |  78.1 |      19 |      10 |  34.5
        D:4 |     147 |       0 |   0.0 |       9 |       0 |   0.0
        D:5 |     245 |       0 |   0.0 |       9 |       0 |   0.0
        D:6 |     719 |       0 |   0.0 |      19 |       0 |   0.0
        D:7 |     378 |     331 |  46.7 |      14 |       3 |  17.6
        D:8 |    1269 |       0 |   0.0 |      15 |       0 |   0.0
        D:9 |     783 |     629 |  44.5 |      11 |       5 |  31.2
       D:10 |     308 |       0 |   0.0 |      10 |       0 |   0.0
            +---------+---------+-------+---------+---------+-------
